 Dungeon Crawl Stone Soup version 0.28-a0-1447-ga5a8893891 (webtiles) character file.

Game seed: 9183151765158181499

50228 vineage the Warrior (level 14, -1/135 HPs)
             Began as a Minotaur Gladiator on Jan 10, 2022.
             Was the Champion of Okawaru.
             Slain by a manticore (3 damage)
             ... while petrified by a basilisk
             ... on level 5 of the Lair of Beasts.
             The game lasted 00:20:05 (20427 turns).

vineage the Warrior (Minotaur Gladiator)           Turns: 20427, Time: 00:20:06

Health: -1/135     AC: 22    Str: 30    XL:     14   Next: 18%
Magic:  13/13      EV:  2    Int:  5    God:    Okawaru [******]
Gold:   1917       SH:  0    Dex: 21    Spells: 13/13 levels left

rFire   + . .      SeeInvis .   b - +2 morningstar (venom)
rCold   . . .      Faith    .   r - +0 tower shield
rNeg    + + +      Spirit   .   x - +5 scale mail "Muotsa" {rN+ Will- Str+6}
rPois   ∞          Reflect  .   (helmet unavailable)
rElec   .          Harm     .   K - +0 cloak of Cathoguf {rF+ Dex+3}
rCorr   .          Rampage  .   h - +0 pair of gloves
Will    .....                   D - +2 pair of boots {Fly}
Stlth   ..........              I - amulet of the acrobat
HPRegen 0.32/turn               a - +6 ring of strength
MPRegen 0.13/turn               E - ring of poison resistance

@: petrified, flying
A: horns 3, retaliatory headbutt, noise suppression
a: Renounce Religion, Heroism, Finesse, Duel


You were on level 5 of the Lair of Beasts.
You worshipped Okawaru.
Okawaru was exalted by your worship.
You visited 3 branches of the dungeon, and saw 18 of its levels.
You also visited: Bailey.

You collected 2245 gold pieces.
You spent 328 gold pieces at shops.

Inventory:

Hand Weapons
 b - a +2 morningstar of venom (weapon)
Missiles
 d - 3 throwing nets (quivered)
Armour
 h - a +0 pair of gloves (worn)
 r - a +0 tower shield (worn)
 v - the +2 pair of boots of Wore {Regen+ Str-5 Int+2 Stlth+}
   (Okawaru gifted it to you on level 2 of the Lair of Beasts)

   Str:       It affects your strength (-5).
   Int:       It affects your intelligence (+2).
   Regen:     It increases your rate of health regeneration.
   Stlth:     It makes you more stealthy.
 x - the +5 scale mail "Muotsa" (worn) {rN+ Will- Str+6}
   (You found it on level 6 of the Dungeon)

   Str:       It affects your strength (+6).
   rN:        It protects you from negative energy.
   Will:      It decreases your willpower.
 D - a +2 pair of boots of flying (worn)
 K - the +0 cloak of Cathoguf (worn) {rF+ Dex+3}
   (Okawaru gifted it to you on level 8 of the Dungeon)

   Dex:       It affects your dexterity (+3).
   rF:        It protects you from fire.
Jewellery
 a - a +6 ring of strength (left hand)
 g - an amulet of guardian spirit
 s - a +6 ring of intelligence
 u - a ring of ice
 y - a ring of protection from fire
 E - a ring of poison resistance (right hand)
 F - a +6 ring of strength
 G - a ring of fire
 I - an amulet of the acrobat (around neck)
 J - a ring of protection from fire
Wands
 B - a wand of flame (17)
Scrolls
 f - 6 scrolls of identify
 n - a scroll of immolation
 q - 14 scrolls of teleportation
 w - 4 scrolls of enchant armour
 C - a scroll of fog
 H - a scroll of blinking
Potions
 c - a potion of resistance {unknown}
 e - 5 potions of mutation
 i - a potion of might {unknown}
 j - 2 potions of invisibility {unknown}
 k - a potion of heal wounds
 l - 5 potions of curing
 m - 2 potions of attraction {unknown}
 o - 6 potions of ambrosia
 p - 3 potions of brilliance
 t - 7 potions of flight
 z - 2 potions of berserk rage {unknown}
 A - 4 potions of lignification {unknown}
 L - a potion of haste {unknown}


   Skills:
 - Level 15.3 Fighting
 - Level 15.0 Maces & Flails
 - Level 2.0 Throwing
 + Level 15.0 Armour
 - Level 3.2 Dodging
 + Level 14.9 Shields


You had 13 spell levels left.
You didn't know any spells.
Your spell library contained the following spells:

 Spells                   Type           Power      Damage    Failure   Level
 Static Discharge         Conj/Air       0%         N/A       99%         2
 Sublimation of Blood     Necr           0%         N/A       99%         2
 Confusing Touch          Hex            0%         N/A       100%        3
 Conjure Flame            Conj/Fire      0%         6-21      100%        3
 Ignite Poison            Fire/Tmut/Pois 0%         N/A       100%        3
 Portal Projectile        Hex/Tloc       0%         N/A       100%        3
 Sticky Flame             Conj/Fire      0%         2d3       100%        4
 Alistair's Intoxication  Tmut/Pois      0%         N/A       100%        5
 Blade Hands              Tmut           0%         N/A       100%        5
 Borgnjor's Vile Clutch   Necr/Erth      0%         N/A       100%        5
 Excruciating Wounds      Necr           0%         N/A       100%        5
 Lightning Bolt           Conj/Air       0%         1d11      100%        5
 Yara's Violent Unravell  Hex/Tmut       0%         3d3       100%        5
 Eringya's Noxious Bog    Tmut/Pois      0%         N/A       100%        6
 Enfeeble                 Hex            0%         N/A       100%        7
 Borgnjor's Revivificati  Necr           0%         N/A       100%        8
 Maxwell's Capacitive Co  Air            0%         ∞         100%        8


Dungeon Overview and Level Annotations

Branches:
Dungeon (12/15)            Temple (1/1) D:4            Lair (5/6) D:9
  Snake (0/4) Lair:3       Spider (0/4) Lair:3        Slime (0/5) Lair:5
    Orc (0/2) D:9          Bailey (visited)

Altars:
Ashenzari
Cheibriados
Dithmenos
Elyvilon
Fedhas
Gozag
Hepliaklqana
Kikubaaqudgha
Makhleb
Nemelex Xobeh
Okawaru
Qazlal
Ru
Sif Muna
Trog
Uskayaw
Vehumet
Wu Jian
Xom
Yredelemnul
Zin
The Shining One
Jiyva

Shops:
D:5 (   D:6 (   D:9 *   D:10 *[   D:12 *


Innate Abilities, Weirdness & Mutations

You have a pair of large horns on your head.
You reflexively headbutt those who attack you in melee.
You passively dampen the noise of your surroundings.


Message History

The basilisk gazes at you.
You are slowing down.
You block the basilisk's attack. The basilisk gazes at you.
You struggle to resist.
Your limbs are stiffening.
You closely miss the basilisk.
A manticore comes into view.
The basilisk gazes at you.
Your limbs have turned to stone.
You have turned to stone.
The basilisk gazes at you.
You struggle to resist.
The basilisk gazes at you. The basilisk bites you!
* * * LOW HITPOINT WARNING * * *
The basilisk bites you but does no damage.
The killer bee buzzes angrily.
The basilisk bites you but does no damage.
The manticore bites you!
* * * LOW HITPOINT WARNING * * *
The manticore claws you.
* * * LOW HITPOINT WARNING * * *
The manticore claws you but does no damage.
The basilisk gazes at you.
You struggle to resist.
The manticore bites you but does no damage.
The manticore claws you but does no damage. x2
The basilisk bites you!
* * * LOW HITPOINT WARNING * * *
The manticore bites you!
* * * LOW HITPOINT WARNING * * *
The manticore claws you but does no damage. x2
The killer bee stings you.
* * * LOW HITPOINT WARNING * * *
A killer bee comes into view.
The killer bee stings you but does no damage.
The basilisk gazes at you.
You struggle to resist.
The manticore bites you but does no damage.
The manticore claws you.
You die...

###.# # #...# .
#..#.#.#.#..
..#..P..#.#.##.
.P.......#.#..
...(......#.##.
#.P........
#.........P
##(lH..#..#
##@yP## #
#...## #...#
##..# #..# ###.
##


You could see a manticore, a basilisk and a killer bee.

Vanquished Creatures
  Gastronok (Lair:2)
  Nessos (Lair:4)
  3 hydras
  3 centaur warriors
  Erica (D:8)
  3 two-headed ogres
  7 death yaks
  2 deep elf pyromancers
  Pikel (D:8)
  3 cyclopes
  An oklob plant (Lair:5)
  6 elephants
  4 black mambas
  An unseen horror (D:8)
  9 cane toads
  4 gargoyles
  A kobold demonologist (D:8)
  10 komodo dragons
  2 rime drakes
  An ice devil (D:9)
  A queen bee (Lair:3)
  7 trolls
  A raiju (D:9)
  Prince Ribbit (D:8)
  4 slime creatures
  10 blink frogs
  3 shadows
  3 wyverns
  A vampire (D:11)
  Eustachio (D:5)
  2 wraiths (D:10)
  41 yaks
  5 basilisks
  3 steam dragons
  3 vampire mosquitoes (D:11)
  An acid dragon (D:10)
  2 nagas (Lair:3)
  10 water moccasins
  19 orc warriors
  A sky beast (D:7)
  An ice beast (D:8)
  5 ogres (D:9)
  11 wolves
  5 black bears
  6 centaurs
  A lemure (D:8)
  17 bullfrogs
  2 kobold brigands (D:8)
  6 gnoll sergeants
  4 scorpions
  A wyvern zombie (D:5)
  32 killer bees
  An electric eel (Lair:4)
  11 wights
  4 howler monkeys
  5 centaur zombies
  8 orc priests
  A jelly (D:6)
  2 bullfrog skeletons (D:5)
  3 centaur skeletons
  4 hounds
  A gnoll shaman (D:10)
  4 iguanas
  8 orc wizards
  2 killer bee zombies (D:8)
  A hound skeleton (D:5)
  13 gnolls
  A howler monkey zombie (D:9)
  11 adders
  4 white imps
  An ufetubus (D:5)
  An adder skeleton (D:4)
  4 dart slugs
  32 orcs
  6 bats
  4 endoplasms
  3 giant cockroaches
  6 goblins
  5 hobgoblins
  4 quokkas
  4 ball pythons
  6 frilled lizards
  21 kobolds
  5 rats
460 creatures vanquished.

Vanquished Creatures (others)
  A rat (D:1)
  46 fungi
  39 plants
86 creatures vanquished.

Grand Total: 546 creatures vanquished

Notes
Turn   | Place    | Note
-------+----------+-------------------------------------------
     0 | D:1      | vineage the Minotaur Gladiator began the quest for the Orb.
     0 | D:1      | Reached XP level 1. HP: 18/18 MP: 0/0
   456 | D:1      | Reached XP level 2. HP: 26/26 MP: 1/1
   539 | D:1      | Found a faded altar of an unknown god.
   539 | D:1      | You fall into a shaft and drop 1 floor!
   591 | D:2      | Reached XP level 3. HP: 27/34 MP: 2/2
  1561 | D:2      | Reached skill level 5 in Fighting
  1735 | D:2      | Reached XP level 4. HP: 38/42 MP: 3/3
  2299 | D:2      | Identified a scroll of acquirement
  2299 | D:2      | Acquired 901 gold pieces
  2423 | D:3      | Reached XP level 5. HP: 29/51 MP: 4/4
  3196 | D:4      | Found a staircase to the Ecumenical Temple.
  3216 | Temple   | Entered the Ecumenical Temple
  3277 | Temple   | Became a worshipper of Warmaster Okawaru
  3296 | D:4      | Reached XP level 6. HP: 39/61 MP: 3/5
  3867 | D:4      | Got the Incunabulum of the Six Ziggurats
  4165 | D:5      | Entered Level 5 of the Dungeon
  4226 | D:5      | Found Synwy Qive's Antique Weapon Emporium.
  4267 | D:5      | Bought a glowing morningstar for 175 gold pieces
  4291 | D:5      | Noticed Eustachio
  4303 | D:5      | Killed Eustachio
  4303 | D:5      | Reached * piety under Okawaru
  4304 | D:5      | Reached XP level 7. HP: 57/71 MP: 4/6
  4397 | D:5      | Reached skill level 10 in Fighting
  4618 | D:5      | Noticed a troll
  4625 | D:5      | HP: 2/73 [troll (11)]
  5212 | D:5      | Reached ** piety under Okawaru
  5213 | D:5      | Reached XP level 8. HP: 72/82 MP: 5/7
  5278 | D:5      | Killed a troll
  5644 | D:6      | Identified the +5 scale mail "Muotsa" {rN+ Will- Str+6}
  5801 | D:6      | Found Jadiov's Weapon Emporium.
  6799 | D:7      | Noticed a cyclops
  6807 | D:7      | Killed a cyclops
  6808 | D:7      | Reached XP level 9. HP: 44/95 MP: 2/8
  7102 | D:7      | Reached *** piety under Okawaru
  7347 | D:7      | Reached skill level 15 in Fighting
  7880 | D:8      | Found a flagged portal.
  7896 | Bailey   | Entered a bailey
  8014 | Bailey   | Received a gift from Okawaru
  8028 | Bailey   | Reached skill level 5 in Maces & Flails
  8863 | D:8      | Found a glowing silver altar of Zin.
  8863 | D:8      | Found a sacrificial altar of Ru.
  8864 | D:8      | Found a glowing golden altar of the Shining One.
  8936 | D:8      | Noticed a kobold demonologist
  8938 | D:8      | Reached **** piety under Okawaru
  8939 | D:8      | Reached XP level 10. HP: 96/105 MP: 9/9
  8939 | D:8      | Received a gift from Okawaru
  8957 | D:8      | Noticed a centaur warrior
  8965 | D:8      | Killed a centaur warrior
  8966 | D:8      | Reached skill level 10 in Maces & Flails
  9002 | D:8      | Received a gift from Okawaru
  9288 | D:8      | Noticed a two-headed ogre
  9301 | D:8      | Killed a two-headed ogre
  9771 | D:8      | Noticed Prince Ribbit
  9774 | D:8      | Killed Prince Ribbit
  9874 | D:8      | Reached ***** piety under Okawaru
  9896 | D:8      | Noticed Pikel
  9906 | D:8      | Killed Pikel
  9907 | D:8      | Reached XP level 11. HP: 112/112 MP: 10/10
  9937 | D:8      | Noticed Erica
  9947 | D:8      | Killed Erica
  9947 | D:8      | Identified the +0 cloak of Cathoguf {rF+ Dex+3} (Okawaru
                  | gifted it to you on level 8 of the Dungeon)
  9947 | D:8      | Received a gift from Okawaru
  9959 | D:8      | Gained mutation: You passively dampen the noise of your
                  | surroundings. [potion of mutation]
  9959 | D:8      | Gained mutation: You have a pair of large horns on your
                  | head. [potion of mutation]
 10381 | D:9      | Reached skill level 15 in Maces & Flails
 10398 | D:9      | Reached skill level 1 in Armour
 10398 | D:9      | Reached skill level 1 in Shields
 10452 | D:9      | Found a staircase to the Lair.
 10599 | D:9      | Found a staircase to the Orcish Mines.
 11056 | D:9      | Noticed a deep elf pyromancer
 11064 | D:9      | Killed a deep elf pyromancer
 11287 | D:9      | Found Xeneh's General Store.
 11290 | D:9      | Bought 3 scrolls of teleportation for 153 gold pieces
 11316 | D:9      | Reached skill level 5 in Armour
 11316 | D:9      | Reached skill level 5 in Shields
 11619 | D:10     | Entered Level 10 of the Dungeon
 11715 | D:10     | Found Zooluar's Antique Armour Boutique.
 11754 | D:10     | Found a shimmering blue altar of Sif Muna.
 11872 | D:10     | Noticed a centaur warrior
 11877 | D:10     | Killed a centaur warrior
 11948 | D:10     | Reached XP level 12. HP: 112/121 MP: 9/11
 12141 | D:10     | Found Wygel's Assorted Antiques.
 12278 | D:10     | Received a gift from Okawaru
 12583 | D:11     | Received a gift from Okawaru
 12975 | D:11     | Found a gate leading to a gauntlet.
 13207 | D:11     | Reached ****** piety under Okawaru
 13421 | D:11     | Noticed a two-headed ogre
 13425 | D:11     | Killed a two-headed ogre
 13883 | D:12     | Noticed a centaur warrior
 13895 | D:12     | Killed a centaur warrior
 13997 | D:12     | Noticed a two-headed ogre
 14005 | D:12     | Killed a two-headed ogre
 14143 | D:12     | Found Ykasytov's Assorted Antiques.
 14160 | D:12     | Received a gift from Okawaru
 14386 | D:12     | Reached skill level 10 in Armour
 14386 | D:12     | Reached skill level 10 in Shields
 14823 | Lair:1   | Entered Level 1 of the Lair of Beasts
 15253 | Lair:1   | Noticed an eight-headed hydra
 15259 | Lair:1   | Killed an eight-headed hydra
 15951 | Lair:2   | Noticed an eight-headed hydra
 15957 | Lair:2   | Killed an eight-headed hydra
 15958 | Lair:2   | Reached XP level 13. HP: 104/127 MP: 8/12
 15960 | Lair:2   | Identified the +2 pair of boots of Wore {Regen+ Str-5 Int+2
                  | Stlth+} (Okawaru gifted it to you on level 2 of the Lair of
                  | Beasts)
 15960 | Lair:2   | Received a gift from Okawaru
 16492 | Lair:2   | Noticed Gastronok
 16504 | Lair:2   | Killed Gastronok
 17489 | Lair:3   | Found a staircase to the Snake Pit.
 17615 | Lair:3   | Found a hole to the Spider Nest.
 18673 | Lair:4   | Noticed Nessos
 18681 | Lair:4   | Killed Nessos
 18978 | Lair:4   | Identified the +1 pair of boots of Insecurity {SInv}
                  | (Okawaru gifted it to you on level 4 of the Lair of Beasts)
 18978 | Lair:4   | Received a gift from Okawaru
 19503 | Lair:4   | Reached XP level 14. HP: 135/135 MP: 13/13
 20118 | Lair:5   | Found an opulent altar of Gozag.
 20249 | Lair:5   | Found a viscous altar of Jiyva.
 20249 | Lair:5   | Found a staircase to the Slime Pits.
 20385 | Lair:5   | HP: 2/135 [death yak (5)]
 20392 | Lair:5   | Reached skill level 15 in Armour
 20426 | Lair:5   | HP: 4/135 [manticore (5)]
 20427 | Lair:5   | Slain by a manticore

Illustrated notes

Levels and vault maps discovered:
D:1:      denvon_arrival_planthouse, layout_loops_ring,
          chequers_ecumenical_altar_twisty, lemuel_flame_loot_1
D:2:      kennysheep_six_static_rooms, layout_basic, serial_glass,
          glass_columns_a, glass_columns_b, glass_columns_c, glass_columns_b,
          glass_columns_a, glass_columns_a, roderic_roman_lattice
D:3:      layout_rooms
D:4:      kb_forest_paths, layout_basic, minmay_temple_entry_glass,
          grunt_ministairs_2, minmay_misc_feat_enclosed,
          chequers_serial_rivers_large_a
D:5:      layout_rooms, serial_shops, shop_statue, uniq_eustachio
D:6:      layout_loops_cross, serial_shops, nicolae_lakefront_shop
D:7:      layout_basic
D:8:      nzn_winding_woodlands_medium [nzn_winding_woodlands_5x5_open_star,
          nzn_winding_woodlands_5x15_pool,
          nzn_winding_woodlands_5x5_closed_star,
          nzn_winding_woodlands_5x5_cross, nzn_winding_woodlands_center_garden,
          nzn_winding_woodlands_hourglass,
          nzn_winding_woodlands_5x5_checkerboard,
          nzn_winding_woodlands_5x15_crooked,
          nzn_winding_woodlands_5x5_default], layout_basic,
          chequers_temple_overflow_statue_of_worship, enter_bailey_2,
          uniq_erica, uniq_prince_ribbit1, uniq_pikel
D:9:      layout_cross, due_lair_maze_entry_diamond,
          kennysheep_orc_monster_closet_entryway, serial_shops, kennysheep_mini,
          dilly_guarded_unrand_elemental_staff
D:10:     layout_rooms, nicolae_sif_muna_condensation, serial_shops, shop,
          nicolae_shop_overgrown_old_shop, minmay_microvault
D:11:     layout_basic, gauntlet_entry_generic, minmay_misc_feat_alley
D:12:     layout_rooms, serial_shops, shop
Temple:   hc_temple_tempest_star
Lair:1:   layout_small_grid, grunt_megastairs_2, serial_bayou_shore_a,
          lemuel_fruit_fields
Lair:2:   layout_regular_city, uniq_gastronok
Lair:3:   layout_small_grid, guppyfry_snake_entry_island, dummy_spider_entry,
          special_room [special_room_bee], hangedman_lair_generics_rect
Lair:4:   layout_cave_pods, infiniplex_staircase_pool, lemuel_fruit_tree,
          lemuel_fruit_fields, uniq_nessos
Lair:5:   hangedman_what_comes_after_a, layout_small_grid, slime_altar_1,
          grunt_forest_small_clearings, lemuel_oklob_altar

Skill      XL: |  1  2  3  4  5  6  7  8  9 10 11 12 13 14 |
---------------+-------------------------------------------+-----
Fighting       | 3 4 5 6 7 9 11 14 15 | 15.3
Maces & Flails | 8 13 15 | 15.0
Armour         | 6 11 14 15 | 15.0
Shields        | 6 11 14 | 14.9
Throwing       | |  2.0
Dodging        | |  3.2

Action                   |  1- 3 |  4- 6 |  7- 9 | 10-12 | 13-15 || total
-------------------------+-------+-------+-------+-------+-------++-------
Melee: Flail             |    50 |    62 |       |       |       ||   112
       Headbutt          |     7 |    22 |    31 |   134 |   105 ||   299
       Morningstar       |       |    70 |   163 |   490 |   366 ||  1089
       Punch             |       |     1 |       |       |       ||     1
Invok: Heroism           |       |       |     4 |     3 |     3 ||    10
  Use: Scroll            |     6 |     6 |     2 |     5 |     1 ||    20
       Potion            |       |       |       |     5 |     2 ||     7
 Stab: Sleeping          |     1 |       |       |       |       ||     1
Armor: Leather armour    |    11 |    16 |       |       |       ||    27
       Chain mail        |       |    70 |    26 |       |       ||    96
       Scale mail        |       |       |    49 |   249 |   193 ||   491
Dodge: Dodged            |    31 |    82 |   120 |   202 |   103 ||   538
Block: Buckler           |       |    11 |    26 |    90 |       ||   127
       Tower shield      |       |       |       |   148 |   390 ||   538

Table legend: (Time is in decaauts)
 A = Elapsed time spent in this place.
 B = Non-inter-level travel time spent in this place.
 C = Inter-level travel time spent in this place.
 D = Time resting spent in this place.
 E = Time spent auto-exploring this place.
 F = Levels seen in this place.
 G = Mean time per level.
                   A        B        C        D        E       F      G
               +--------+--------+--------+--------+--------+-----+--------+
         Total |  20492 |  19718 |    774 |   2204 |  14742 |  19 | 1078.5 |
       Dungeon |  14182 |  13516 |    666 |   1189 |  10532 |  12 | 1181.8 |
        Temple |     73 |     58 |     15 |      0 |     45 |   1 |   73.0 |
          Lair |   5595 |   5503 |     92 |    675 |   4046 |   5 | 1119.0 |
        Bailey |    641 |    641 |      0 |    340 |    119 |   1 |  641.0 |
               +--------+--------+--------+--------+--------+-----+--------+

Top non-repeatable levels by time:
     D:8: 1889 daAuts
     D:4: 1566 daAuts
  Lair:4: 1562 daAuts
    D:11: 1484 daAuts
  Lair:3: 1373 daAuts
     D:9: 1338 daAuts
     D:1: 1238 daAuts
     D:7: 1156 daAuts
  Lair:1: 1118 daAuts
     D:2: 1109 daAuts
  Lair:2: 1031 daAuts
     D:5: 1029 daAuts
     D:6: 1008 daAuts
    D:12: 905 daAuts
    D:10: 782 daAuts
